 Dungeon Crawl Stone Soup version 0.30.1-11-g7821555f0a (webtiles) character file.

Game seed: 4836440271703444276

4 firepop the Magician (level 1, -1/15 HPs)
             Began as a Djinni Enchanter on Nov 22, 2023.
             Slain by a jackal (3 damage)
             ... on level 1 of the Dungeon.
             The game lasted 00:14:20 (234 turns).

firepop the Magician (Djinni Enchanter)              Turns: 234, Time: 00:14:21

Health: -1/15      AC:  2    Str:  7    XL:     1   Next: 77%
Gold:   0          EV:  9    Int: 16    God:
                   SH:  0    Dex: 13

rFire   + + .        d - +2 spear (vamp)
rCold   x . .        (no shield)
rNeg    . . .        b - +0 robe
rPois   ∞            (no helmet)
rElec   .            (no cloak)
rCorr   .            (no gloves)
SInv    .            (boots unavailable)
Will    .....        (no amulet)
Stlth   ++           (no ring)
HPRegen 0.22/turn    (no ring)
MPRegen 0.00/turn

%: infuse magic (-2 HP)
@: flying, constricted
A: sickness immunity, fire resistance 2, cold vulnerability 1, float, innate
caster, HP casting, extra vitality 1
a: no special abilities


You were on level 1 of the Dungeon.
You visited 1 branch of the dungeon, and saw 1 of its levels.

Inventory:

Hand Weapons
 a - a +1 dagger
 d - a +2 vampiric spear (weapon)
Missiles
 e - 2 stones
Armour
 b - a +0 robe (worn)
Scrolls
 g - a scroll of fear {unknown}
Potions
 c - a potion of invisibility
 f - a potion of curing {unknown}


   Skills:
 - Level 0.8 Short Blades
 + Level 0.2 Polearms
 * Level 2.4 Dodging
 - Level 2.4 Stealth
 + Level 2.4 Spellcasting


You knew the following spells:

 Your Spells              Type           Power      Damage    Failure   Level
a - Ensorcelled Hibernat  Hex/Ice        18%        N/A       11%         2
b - Confusing Touch       Hex            9%         N/A       22%         3
c - Tukima's Dance        Hex            9%         N/A       22%         3
d - Dazzling Flash        Conj/Hex       18%        N/A       22%         3
Your spell library was empty.

Dungeon Overview and Level Annotations

Branches:
Dungeon (1/15)

Altars:


Innate Abilities, Weirdness & Mutations

You are immune to sickness and miasma.
You are immune to poison.
Your flesh is very heat resistant. (rF++)
You are vulnerable to cold. (rC-)
You float through the air rather than walking.
You learn spells naturally, not from books.
Your magical power is your life essence.
You have superior vitality. (+4 MHP)


Message History

The ball python bites you. The jackal completely misses you.
The jackal barely misses you.
The jackal bites you but does no damage.
You hit the jackal.
You feel better.
The jackal is severely wounded.
The jackal barely misses you. The jackal closely misses you.
The ball python barely misses you. The ball python completely misses you.
The ball python attacks as you move away!
The ball python bites you. The ball python completely misses you.
The jackal attacks as you move away! The jackal bites you.
The jackal closely misses you. The jackal bites you.
You hit the jackal.
You feel better.
You kill the jackal!
The ball python bites you. The ball python closely misses you.
The jackal bites you but does no damage.
The ball python completely misses you. The ball python grabs you.
The ball python constricts you.
You escape the ball python's grasp.
You hit the jackal. Your punch misses the jackal.
The jackal is almost dead.
The jackal bites you. The jackal barely misses you.
The ball python barely misses you. The ball python grabs you.
The ball python constricts you.
You escape the ball python's grasp.
The jackal attacks as you move away!
The jackal bites you but does no damage.
You closely miss the jackal.
The jackal is almost dead.
The jackal bites you. x2
* * * LOW HITPOINT WARNING * * *
The ball python misses you. The ball python closely misses you.
You hit the jackal but do no damage.
The jackal is almost dead.
The jackal bites you.
* * * LOW HITPOINT WARNING * * *
The ball python barely misses you. The ball python grabs you.
The ball python constricts you.
You hit the jackal but do no damage.
The jackal is almost dead.
The jackal bites you.
You die...

###. #.#. .###.#.########
.......#......# .......#......#
######## ..............####
#......#
.h...........S...#####......#
.............h@.............###
.......#.......................
.......#...................###.
.........†.....................
.....>...............##....#.#.
#...#...#.####.......##....#.#.
#.......#.# ####.....####...#.
#.?.#...#.. #...>... ..#.#.
..#...... ........ ......


You could see a jackal and a ball python.

Vanquished Creatures
  An endoplasm (D:1)
  A giant cockroach (D:1)
  A jackal (D:1)
  A rat (D:1)
4 creatures vanquished.

Notes
Turn   | Place    | Note
-------+----------+-------------------------------------------
     0 | D:1      | firepop the Djinni Enchanter began the quest for the Orb.
     0 | D:1      | firepop set off with the following spells memorised:
                  | Ensorcelled Hibernation, Confusing Touch, Tukima's Dance,
                  | Dazzling Flash.
     0 | D:1      | Reached XP level 1. HP: 15/15 MP: 0/0
   234 | D:1      | Slain by a jackal

Illustrated notes

Levels and vault maps discovered:
D:1:      zelgadis_glass_arrival_small, layout_basic

Action                     || total
---------------------------++-------
  Melee: Spear             ||    19
         Punch             ||     1
    Use: Potion            ||     1
   Stab: Sleeping          ||     1
 Armour: Robe              ||     5
  Dodge: Dodged            ||    31
